 Dungeon Crawl Stone Soup version 0.32-a0-732-ga344392067 (webtiles) character file.

Game seed: 8628871951506360249

4727 Vipelierre100 the Zephyrmancer (level 10, 0/52 HPs)
             Began as a Tengu Air Elementalist on Mar 15, 2024.
             Was a Believer of Sif Muna.
             Slain by a polar bear (10 damage)
             ... on level 8 of the Dungeon on Mar 16, 2024.
             The game lasted 01:56:52 (10819 turns).

Vipelierre100 the Zephyrmancer (TeAE)              Turns: 10819, Time: 01:56:53

Health: 0/52       AC:  6    Str:  8    XL:     10   Next: 45%
Magic:  13/22      EV: 16    Int: 19    God:    Sif Muna [**....]
Gold:   555        SH:  0    Dex: 22    Spells: 10/24 levels left

rFire   . . .        y - +2 quarterstaff (spect)
rCold   . . .        (shield currently unavailable)
rNeg    . . .        c - +1 leather armour {rPois}
rPois   +            h - +2 hat
rElec   .            (no cloak)
rCorr   .            (no gloves)
SInv    .            (boots unavailable)
Will    +....        (no amulet)
Stlth   +++          k - ring of willpower
HPRegen 0.28/turn    t - +6 ring of dexterity
MPRegen 0.18/turn

%: acrobat
@: flying
A: beak, talons 3, evasive flight, acrobatic
a: Renounce Religion, Channel Magic


You were on level 8 of the Dungeon.
You worshipped Sif Muna.
Sif Muna was pleased with you.
You visited 2 branches of the dungeon, and saw 9 of its levels.

You collected 555 gold pieces.

Inventory:

Hand Weapons
 f - a +0 hand axe
 r - a +0 sling
 y - a +2 spectral quarterstaff (weapon)
Missiles
 d - 100 stones (quivered)
 u - 19 poisoned darts
 w - 2 throwing nets
Armour
 a - a +0 robe
 c - a +1 leather armour of poison resistance (worn)
 h - a +2 hat (worn)
 l - a +3 scale mail
 E - a scarf of shadows
 G - a +3 leather armour
Jewellery
 k - a ring of willpower (left hand)
 t - a +6 ring of dexterity (right hand)
 H - a +6 ring of strength
Talismans
 C - a serpent talisman
Wands
 n - a wand of light (12)
 q - a wand of polymorph (12)
 v - a wand of digging (4)
 J - a wand of mindburst (6)
 L - a wand of flame (23)
Scrolls
 e - 3 scrolls of teleportation
 g - a scroll of fog
 i - a scroll of amnesia
 o - a scroll of enchant weapon
 p - 2 scrolls of summoning
 z - a scroll of revelation {unknown}
 D - a scroll of blinking {unknown}
 F - a scroll of fear {unknown}
 I - a scroll of vulnerability {unknown}
Potions
 b - a potion of invisibility
 j - a potion of mutation {unknown}
 m - 2 potions of brilliance
 x - 4 potions of degeneration
 A - 2 potions of enlightenment
 B - 3 potions of curing
 K - a potion of cancellation {unknown}


   Skills:
 + Level 1.3 Fighting
 + Level 0.8 Staves
 + Level 2.2 Ranged Weapons
 + Level 2.9 Throwing
 + Level 4.3 Armour
 + Level 3.0 Dodging
 + Level 3.3 Stealth
 + Level 7.9 Spellcasting
 + Level 9.1 Conjurations
 + Level 10.5 Air Magic
 + Level 0.8 Alchemy
 + Level 1.1 Invocations


You had 10 spell levels left.
You knew the following spells:

 Your Spells              Type           Power      Damage    Failure   Level
a - Shock                 Conj/Air       100%       1d9       1%          1
b - Airstrike             Air            23%        2d(4-20)  1%          4
c - Static Discharge      Conj/Air       90%        3-7/arc   1%          2
d - Sting                 Conj/Alch      100%       1d9       1%          1
e - Swiftness             Air            47%        N/A       1%          3
f - Dazzling Flash        Conj/Hex       50%        N/A       5%          3

Your spell library contained the following spells:

 Spells                   Type           Power      Damage    Failure   Level
 Apportation              Tloc           14%        N/A       13%         1
 Necrotise                Necr           28%        1d5       13%         1
 Summon Small Mammal      Summ           28%        N/A       13%         1
 Starburst                Conj/Fire      12%        6d5       96%         6
 Maxwell's Capacitive Co  Air            23%        ∞         100%        8


Dungeon Overview and Level Annotations

Branches:
Dungeon (8/15)             Temple (1/1) D:5            Lair (0/5) D:8

Altars:
Ashenzari
Cheibriados
Dithmenos
Elyvilon
Fedhas
Gozag
Hepliaklqana
Kikubaaqudgha
Makhleb
Nemelex Xobeh
Qazlal
Ru
Sif Muna
Trog
Uskayaw
Wu Jian
Xom
Yredelemnul
Zin
The Shining One

Shops:
D:3 (

Annotations:
D:7 2 transporters, graki42's ghost, novice GnCj


Innate Abilities, Weirdness & Mutations

You have a beak for a mouth.
You have claws for feet.
Your magical flight helps you evade attacks. (EV +4)
You can magically evade attacks while moving or waiting.


Message History

The yak is struck by an arc of lightning.
The yak is heavily wounded.
You are struck by an arc of lightning.
The yak is struck by an arc of lightning.
The yak is severely wounded.
You are struck by an arc of lightning.
* * * LOW HITPOINT WARNING * * *
The lightning grounds out.
The yak gores you.
* * * LOW HITPOINT WARNING * * *
The polar bear completely misses you. The polar bear claws you.
* * * LOW HITPOINT WARNING * * *
The polar bear claws you but does no damage.
The yak completely misses you.
The polar bear attacks as it pursues you!
The polar bear completely misses you. The polar bear misses you.
The polar bear completely misses you.
You see here a yak corpse.
The polar bear attacks as it pursues you!
The polar bear bites you but does no damage.
The polar bear misses you. The polar bear barely misses you.
The yak closely misses you.
The polar bear bites you but does no damage.
The polar bear barely misses you. The polar bear misses you.
The hornet barely misses you. The hornet closely misses you.
The polar bear closely misses you. The polar bear misses you.
The polar bear claws you but does no damage.
The hornet barely misses you. The hornet closely misses you.
The wolf howls!
You hear a horrible gurgling sound!
The hornet misses you.
The polar bear attacks as it pursues you!
The polar bear misses you. x2; The polar bear completely misses you.
The hornet barely misses you.
You hit the wolf.
The wolf is moderately wounded.
The wolf bites you.
* * * LOW HITPOINT WARNING * * *
The hornet barely misses you. The polar bear bites you!
You die...

####.>.## ##.....# ###..#
#..#...# ##.####..###.#
#........##.# ....
##..####.##.# ..... ##..##
#.##.# ......
######....###...Y## ......
##...###.##..###hy.##
....#
..............##@#..##.§.#
###............#h##K§§§§#
#~.....#.......#<#§§§§§§#
................##§#§§###
......#...#.#....§h#§§#
.....###.###.....#§y§§§.#
....#.#...# #.....K####.#
...........#........ ...
..#.....>...........
#.#####


You could see a polar bear, a yak, a hornet and a wolf.

Vanquished Creatures
  Maurice (D:8)
  Prince Ribbit (D:6)
  A wyvern (D:6)
  5 yaks (D:8)
  4 water moccasins
  7 ice beasts
  An ogre (D:5)
  A wolf (D:8)
  2 kobold brigands
  Blork the orc (D:4)
  5 bullfrogs (D:7)
  2 scorpions (D:4)
  5 wights (D:8)
  5 howler monkeys
  5 hounds
  2 jellies
  2 orc priests
  4 bombardier beetles
  Natasha (twice) (D:3)
  2 iguanas
  3 orc wizards
  3 adders
  19 gnolls
  2 shadow imps
  A white imp (D:6)
  2 ufetubi (D:7)
  4 ribbon worms
  A dart slug (D:2)
  37 orcs
  3 ball pythons
  7 bats
  5 endoplasms
  3 giant cockroaches
  5 goblins
  3 hobgoblins
  18 jackals
  4 quokkas
  5 frilled lizards
  10 kobolds
  3 rats (D:1)
196 creatures vanquished.

Notes
Turn   | Place    | Note
-------+----------+-------------------------------------------
     0 | D:1      | Vipelierre100 the Tengu Air Elementalist began the quest
                  | for the Orb.
     0 | D:1      | Reached XP level 1. HP: 10/10 MP: 4/4
    80 | D:1      | Reached XP level 2. HP: 15/15 MP: 0/6
   509 | D:1      | Found a faded altar of an unknown god.
   896 | D:1      | Reached XP level 3. HP: 19/19 MP: 1/7
  1911 | D:3      | Reached skill level 5 in Air Magic
  2006 | D:3      | Reached XP level 4. HP: 24/24 MP: 4/8
  2318 | D:3      | Found Qodepp's Antique Weapon Shoppe.
  2441 | D:3      | Noticed a water moccasin
  2497 | D:3      | Noticed Natasha
  2505 | D:3      | Killed Natasha
  2869 | D:4      | Reached XP level 5. HP: 24/28 MP: 3/10
  3239 | D:4      | Reached skill level 1 in Ranged Weapons
  3397 | D:4      | Reached skill level 1 in Armour
  3405 | D:4      | Reached XP level 6. HP: 33/33 MP: 3/12
  3638 | D:4      | Noticed Blork the orc
  3646 | D:4      | Killed Blork the orc
  3647 | D:4      | Reached skill level 6 in Air Magic
  4055 | D:4      | Found a shimmering blue altar of Sif Muna.
  4062 | D:4      | Found a white marble altar of Elyvilon.
  4068 | D:4      | Found a broken altar of Ashenzari.
  4083 | D:4      | Became a worshipper of Sif Muna the Loreminder
  4424 | D:5      | Entered Level 5 of the Dungeon
  4509 | D:5      | Noticed an ice beast
  4514 | D:5      | Found a staircase to the Ecumenical Temple.
  4576 | D:5      | Gained mutation: Your magical flight helps you evade
                  | attacks. (EV +4) [Tengu growth]
  4576 | D:5      | Reached XP level 7. HP: 37/37 MP: 5/13
  4579 | D:5      | Reached skill level 1 in Throwing
  4959 | D:5      | Reached skill level 5 in Conjurations
  5405 | D:5      | Reached * piety under Sif Muna
  5643 | D:5      | Reached XP level 8. HP: 42/42 MP: 6/15
  6241 | D:5      | Learned a level 4 spell: Airstrike
  6754 | D:5      | Reached skill level 7 in Air Magic
  7145 | D:5      | Learned a level 2 spell: Static Discharge
  7147 | D:5      | Learned a level 1 spell: Sting
  7151 | D:5      | Learned a level 3 spell: Swiftness
  7354 | Temple   | Entered the Ecumenical Temple
  7814 | D:3      | Noticed Natasha
  7820 | D:3      | Killed Natasha
  7937 | D:6      | Reached skill level 5 in Spellcasting
  7957 | D:6      | Noticed Prince Ribbit
  7972 | D:6      | Killed Prince Ribbit
  8039 | D:6      | Reached skill level 8 in Air Magic
  8039 | D:6      | Reached XP level 9. HP: 46/46 MP: 11/18
  8343 | D:6      | Reached skill level 1 in Invocations
  8530 | D:7      | Reached ** piety under Sif Muna
  8645 | D:7      | Upgraded the game from 0.32-a0-711-g016ad743e0 to
                  | 0.32-a0-732-ga344392067
  8772 | D:7      | Found a transporter.
  9001 | D:7      | Found a transporter.
  9003 | D:7      | Noticed a moth of wrath
  9004 | D:7      | Noticed graki42's ghost (novice GnCj)
  9544 | D:7      | Noticed a boulder beetle
  9576 | D:7      | Noticed a cyclops
  9634 | D:7      | Reached skill level 9 in Air Magic
  9964 | D:8      | Noticed Maurice
  9974 | D:8      | Maurice stole 90 gold
  9975 | D:8      | Maurice stole a +0 hand axe
  9978 | D:8      | Killed Maurice
  9979 | D:8      | Reached skill level 1 in Fighting
 10184 | D:8      | Reached XP level 10. HP: 52/52 MP: 10/21
 10404 | D:8      | Found a glowing silver altar of Zin.
 10513 | D:8      | Found a staircase to the Lair.
 10552 | D:8      | Reached skill level 10 in Air Magic
 10761 | D:8      | Learned a level 3 spell: Dazzling Flash
 10819 | D:8      | Slain by a polar bear

Illustrated notes

Levels and vault maps discovered:
D:1:      psy_arrival_basics, layout_basic, shapermc_ecumenical_altar_ellora,
          minmay_tetromino_l2
D:2:      layout_rooms
D:3:      layout_loops_ring, serial_shops, nicolae_shop_dealshenge,
          serial_bayou, serial_bayou_lagoon_a, serial_bayou_shore_a,
          serial_bayou_pond_d, serial_bayou_pond_b, st_stairs_3, uniq_natasha
D:4:      layout_layer_cave, minmay_overflow_temple_star_quad,
          chequers_serial_rivers_room_b, uniq_blork_the_orc
D:5:      lemuel_castle_with_subvaults [lemuel_castle_interior_carwin_3],
          layout_basic, minmay_temple_entry_waves
D:6:      layout_rooms, uniq_prince_ribbit1
D:7:      layout_gridville, kennysheep_little_box,
          gammafunk_ghost_berserking_beasts, wad_mini_maze,
          uniq_crazy_yiuf_cottage
D:8:      layout_rooms, zin_statuary, hellmonk_lair_entry_icy, uniq_gastronok,
          uniq_maurice
Temple:   nicolae_temple_x_marks_the_god

Skill      XL: |  1  2  3  4  5  6  7  8  9 10 |
---------------+-------------------------------+-----
Conjurations   | 2 3 5 7 8 9 |  9.1
Air Magic      | 5 6 8 9 10 | 10.5
Spellcasting   | 3 4 5 6 7 |  7.9
Ranged Weapons | 1 2 |  2.2
Armour         | 1 2 4 |  4.3
Throwing       | 2 |  2.9
Stealth        | 3 |  3.3
Invocations    | 1 |  1.1
Fighting       | 1 |  1.3
Dodging        | 3 |  3.0
Staves         | |  0.8
Alchemy        | |  0.8

Action                     |  1- 3 |  4- 6 |  7- 9 | 10-12 || total
---------------------------+-------+-------+-------+-------++-------
  Melee: Hand axe          |     9 |       |       |       ||     9
         Kick              |     3 |       |       |       ||     3
         Peck              |     2 |       |     1 |       ||     3
         Quarterstaff      |       |       |     4 |     2 ||     6
   Fire: Sling             |     3 |    15 |     7 |       ||    25
  Throw: Dart              |       |    12 |    20 |     4 ||    36
         Throwing net      |       |       |     2 |       ||     2
   Cast: Shock             |    81 |    83 |   319 |    47 ||   530
         Sting             |       |       |    15 |     2 ||    17
         Airstrike         |       |       |    15 |     5 ||    20
         Static Discharge  |       |       |       |     7 ||     7
         Dazzling Flash    |       |       |       |     1 ||     1
 Invoke: Channel Magic     |       |       |     1 |     1 ||     2
    Use: Scroll            |     1 |     4 |     8 |     1 ||    14
         Potion            |       |     1 |     2 |     4 ||     7
 Armour: Robe              |    11 |       |       |       ||    11
         Leather armour    |     9 |    17 |    56 |    52 ||   134
  Dodge: Dodged            |    50 |     8 |    89 |    74 ||   221

Table legend: (Time is in decaauts)
 A = Elapsed time spent in this place.
 B = Non-inter-level travel time spent in this place.
 C = Inter-level travel time spent in this place.
 D = Time resting spent in this place.
 E = Time spent auto-exploring this place.
 F = Levels seen in this place.
 G = Mean time per level.
                   A        B        C        D        E       F      G
               +--------+--------+--------+--------+--------+-----+--------+
         Total |  10866 |  10566 |    300 |   3065 |   3153 |   9 | 1207.3 |
       Dungeon |  10808 |  10508 |    300 |   3065 |   3153 |   8 | 1351.0 |
        Temple |     57 |     57 |      0 |      0 |      0 |   1 |   57.0 |
               +--------+--------+--------+--------+--------+-----+--------+

Top non-repeatable levels by time:
     D:5: 3099 daAuts
     D:4: 1698 daAuts
     D:7: 1451 daAuts
     D:3: 1298 daAuts
     D:1: 1107 daAuts
     D:8: 857 daAuts
     D:2: 681 daAuts
     D:6: 615 daAuts
  Temple: 57 daAuts
